 Dungeon Crawl Stone Soup version 0.17.0-24-gcfadda4 (console) character file.

32 gw the Chopper (level 3, 0/29 HPs)
             Began as a Human Chaos Knight on Nov 17, 2015.
             Slain by a worm (6 damage)
             ... on level 2 of the Dungeon.
             The game lasted 00:01:14 (1360 turns).

gw the Chopper (Human Chaos Knight)                 Turns: 1360, Time: 00:01:14

Health: 0/29       AC:  6    Str: 12    XL:     3   Next: 45%
Magic:  3/3        EV: 10    Int: 12    God:    Xom [....*.]
Gold:   39         SH:  0    Dex: 13    Spells: 0 memorised, 2 levels left

rFire  . . .     SeeInvis .     a - +1 hand axe (chaos)
rCold  . . .     Clarity  .     d - +0 ring mail
rNeg   . . .     SustAt   .     (no shield)
rPois  .         Gourm    .     (no helmet)
rElec  .         Spirit   .     b - +0 cloak
rCorr  .         Warding  .     (no gloves)
rMut   .         Stasis   .     (no boots)
MR     .....                    (no amulet)
Stlth  +.........               (no ring)
                                (no ring)

@: not resistant to hostile enchantments, very unstealthy
A: no striking features
a: Renounce Religion


You were on level 2 of the Dungeon.
You worshipped Xom.
You were a beloved toy of Xom.
You were not hungry.

You visited 1 branch of the dungeon, and saw 2 of its levels.

You collected 39 gold pieces.

Inventory:

Hand Weapons
 a - a +1 hand axe of chaos (weapon)
Missiles
 e - 9 arrows
 f - 17 stones (quivered)
 g - 11 arrows of frost
Armour
 b - a +0 cloak (worn)
 d - a +0 ring mail (worn)
Potions
 i - a potion of curing
Comestibles
 c - 3 bread rations


   Skills:
 + Level 3.5 Fighting
 * Level 3.7 Axes
 + Level 2.2 Armour
 - Level 1.0 Dodging


You had 2 spell levels left.
You didn't know any spells.

Dungeon Overview and Level Annotations

Branches:
Dungeon (2/15)

Altars:


Message History

Xom is interested.
ATTACKING (-1,-1)
You hit the worm but do no damage. The worm bites you.
ATTACKING (-1,-1)
You hit the worm.
The worm flickers and vanishes!
Deactivating autopickup; reactivate with Ctrl-A.
Xom is highly amused!
Something bites you!
ATTACKING (-1,1)
You completely miss something.
ATTACKING (-1,1)
You hit something but do no damage. Something bites you!
ATTACKING (-1,1)
You closely miss something. Something bites you.
ATTACKING (-1,1)
Your ring mail prevents you from hitting something.
ATTACKING (-1,1)
You hit something. Something bites you.
You die... "Huh?
Did I miss anything?"

######....#... #
#.......### .###
#.####### . ...
#.#### ..
..#.#....######
.#.###.#.###........
.......#...#%.######
#.#...{###....#
.......p.....##
.............#
.....#.......#
.............#
....###......# ...
.......# ..
##......# .......#


There were no monsters in sight!

Table legend:
 A = Turns spent in this place as a percentage of turns spent in the entire game.
 B = Non-inter-level travel turns spent in this place as a percentage of non-inter-level travel turns spent in the entire game.
 C = Inter-level travel turns spent in this place as a percentage of turns spent in this place.
 D = Turns resting spent in this place as a percentage of non-inter-level travel turns spent in this place.
 E = Turns spent auto-exploring this place as a percentage of non-inter-level travel turns spent in this place.
 F = Non-inter-level travel turns spent in this place divided by the number of levels of this place that you've seen.
                   A       B       C       D       E      F
               +-------+-------+-------+-------+-------+----------------------
         Total | 100.0 | 100.0 |   0.5 |   0.7 |   2.4 | 733.5
       Dungeon | 100.0 | 100.0 |   0.5 |   0.7 |   2.4 | 733.5
               +-------+-------+-------+-------+-------+----------------------

Table legend:
 A = Kills in this place as a percentage of kills in entire the game.
 B = Kills by you in this place as a percentage of kills by you in the entire game.
 C = Kills by friends in this place as a percentage of kills by friends in the entire game.
 D = Other kills in this place as a percentage of other kills in the entire game.
 E = Experience gained in this place as a percentage of experience gained in the entire game.
 F = Experience gained in this place divided by the number of levels of this place that you have seen.
                   A       B       C       D       E      F
               +-------+-------+-------+-------+-------+----------------------
         Total | 100.0 | 100.0 |  -nan |  -nan | 100.0 |  23.5
       Dungeon | 100.0 | 100.0 |  -nan |  -nan | 100.0 |  23.5
               +-------+-------+-------+-------+-------+----------------------

Vanquished Creatures
  An adder (D:1)
  5 bats (D:1)
  2 giant cockroaches
  3 goblins (D:1)
  3 hobgoblins (D:1)
  A ball python (D:1)
  3 giant newts (D:1)
  3 kobolds (D:1)
  2 rats (D:1)
23 creatures vanquished.

Notes
Turn   | Place    | Note
--------------------------------------------------------------
     0 | D:1      | gw the Human Chaos Knight began the quest for the Orb.
     0 | D:1      | Reached XP level 1. HP: 18/18 MP: 1/1
   171 | D:1      | Reached XP level 2. HP: 12/24 MP: 2/2
   642 | D:1      | Reached XP level 3. HP: 29/29 MP: 3/3
   819 | D:1      | XOM: colour smoke trail
  1189 | D:1      | XOM: cast spell 'Summon Butterflies'
  1360 | D:2      | Slain by a worm

Action                   || total
-------------------------++-------
Melee: Hand axe          ||    66
Throw: Stone             ||     8
  Use: Scroll            ||     3
       Potion            ||     1
  Eat: Chunk             ||     3

Vault maps used:
D:1:      ncdulo_lavacross
D:2:      old_standard_altar, corexii_leaking_fountain
